 Dungeon Crawl Stone Soup version 0.31-a0-165-g3f4f80340b (webtiles) character file.

Game seed: 1659948309005921915

1115 qw the Chopper (level 8, 0/50 HPs)
             Began as a Gargoyle Fighter on June 13, 2023.
             Was an Initiate of Okawaru.
             Slain by Joseph
             ... wielding a +0 quarterstaff
              (3 damage)
             ... on level 7 of the Dungeon.
             The game lasted 00:02:41 (6782 turns).

qw the Chopper (Gargoyle Fighter)                   Turns: 6782, Time: 00:02:41

Health: 0/50       AC: 18    Str: 22    XL:     8   Next: 34%
Magic:  8/8        EV:  6    Int:  9    God:    Okawaru [......]
Gold:   351        SH:  5    Dex: 15    Spells: 7/7 levels left

rFire   . . .        Y - +1 war axe
rCold   + . .        c - +0 buckler
rNeg    + . .        k - +0 plate armour
rPois   inf          (no helmet)
rElec   +            (no cloak)
rCorr   .            m - +0 pair of gloves
SInv    .            (no boots)
Will    .....        q - amulet of the acrobat Stlth
                     i - ring of protection from cold
HPRegen 0.28/turn    g - +6 ring of dexterity
MPRegen 0.11/turn

%: acrobat
@: about to teleport
A: sickness immunity, AC +5, negative energy resistance 1, electricity
resistance, torment resistance 1, petrification resistance
a: Renounce Religion


You were on level 7 of the Dungeon.
You worshipped Okawaru.
Okawaru was noncommittal.
You visited 2 branches of the dungeon, and saw 8 of its levels.

You collected 351 gold pieces.


Innate Abilities, Weirdness & Mutations

You are immune to sickness and miasma.
Your stone body is resilient. (AC +5)
You are immune to poison.
You resist negative energy. (rN+)
You are resistant to electric shocks. (rElec)
You are resistant to unholy torment.
You are immune to petrification.


   Skills:
 - Level 5.4 Fighting
 + Level 7.4 Axes
 - Level 1.5 Throwing
 - Level 4.2 Armour
 - Level 1.1 Dodging
 - Level 3.2 Shields


You had 7 spell levels left.
You didn't know any spells.
Your spell library was empty.

Inventory:

Hand Weapons
 j - a +0 flail
 Y - a +1 war axe (weapon)
Missiles
 s - a boomerang (quivered)
Armour
 c - a +0 buckler (worn)
 k - a +0 plate armour (worn)
 m - a +0 pair of gloves (worn)
Jewellery
 g - a +6 ring of dexterity (right hand)
 i - a ring of protection from cold (left hand)
 q - an amulet of the acrobat (around neck)
Scrolls
 a - 4 scrolls of identify
 f - 2 scrolls of teleportation
Potions
 b - 2 potions of attraction
 d - 2 potions of might
 e - a potion of magic
 h - 2 potions of curing
 n - a potion of haste
 o - a potion of cancellation
 p - a potion of heal wounds
 r - 2 potions of lignification

Dungeon Overview and Level Annotations

Branches:
Dungeon (7/15)             Temple (1/1) D:7

Altars:
Ashenzari
Cheibriados
Dithmenos
Elyvilon
Fedhas
Gozag
Hepliaklqana
Kikubaaqudgha
Makhleb
Nemelex Xobeh
Okawaru
Qazlal
Ru
Sif Muna
Trog
Uskayaw
Vehumet
Wu Jian
Xom
Yredelemnul
Zin
The Shining One

Annotations:
D:7 Joseph, Pikel


Message History

Joseph hits you with a +0 quarterstaff. Pikel waves his whip at you.
You slash Joseph!
Joseph is severely wounded.
You hit Pikel. Joseph barely misses you. You block Pikel's attack.
Joseph hits you with a +0 quarterstaff.
Pikel zaps a wand.
The puff of flame hits you!
You slash Joseph!
Joseph is almost dead.
You hit Pikel. You slash the lemure! Joseph hits you but does no damage.
The lemure barely misses you. Pikel barely misses you.
You slash Joseph!
Joseph is almost dead.
You hit the lemure. You hit Pikel. Joseph hits you with a +0 quarterstaff.
You block Pikel's attack.
You hit Joseph.
Joseph is almost dead.
You slash the lemure! You slash Pikel! You closely miss the lemure.
Joseph hits you but does no damage. The lemure hits you but does no damage.
Pikel hits you but does no damage. The lemure hits you but does no damage.
You hit Joseph.
Joseph is almost dead.
You hit the lemure but do no damage. You closely miss Pikel.
You hit the lemure. Joseph hits you but does no damage.
The lemure hits you but does no damage. Pikel hits you but does no damage.
The lemure hits you!
You closely miss Joseph.
Joseph is almost dead.
You hit Pikel. You hit the lemure. x2
Joseph hits you with a +0 quarterstaff. You block the lemure's attack.
The lemure hits you but does no damage.
Pikel hits you with a +2 whip of freezing.
Joseph hits you with a +0 quarterstaff!
6782 ||| READING 3 scrolls of teleportation.
As you read the scroll of teleportation, it crumbles to dust.
You feel strangely unstable. The lemure hits you but does no damage.
The lemure barely misses you. Pikel hits you but does no damage.
Joseph hits you with a +0 quarterstaff.
You die...

..... .. ## #... ..
... #.8.# .##.. ....#
..#.# #.#..##.#.# .
##.##....#.#
....##...##...#.#
#.8....>....855.#
#...##...##..@@<#
#....##.##...K#.#
.##.##..#.#..##.#.#.#
...5K##.....##......
#55##.8.##...#.#.
##@.#...#..###.#.#
####.......## #.# #
..#......#...# #.#
........####.# #.#


You could see Joseph, Pikel and 2 lemures.

Vanquished Creatures
  Sigmund (D:3)
  2 black bears
  A centaur (D:6)
  2 lemures
  2 bullfrogs
  2 scorpions
  2 orc priests
  A hound (D:5)
  2 iguanas
  Jessica (D:2)
  2 sleepcaps (D:5)
  2 orc wizards
  4 adders
  A white imp (D:5)
  A worm (D:3)
  3 dart slugs
  18 orcs
  6 endoplasms
  5 giant cockroaches
  11 goblins
  10 hobgoblins
  10 jackals
  12 kobolds
  4 quokkas
  7 ball pythons
  A bat (D:1)
  2 frilled lizards
  10 rats
125 creatures vanquished.

Notes
Turn   | Place    | Note
-------+----------+-------------------------------------------
     0 | D:1      | qw the Gargoyle Fighter began the quest for the Orb.
     0 | D:1      | Reached XP level 1. HP: 14/14 MP: 1/1
     0 | D:1      | 0 ||| qw: Version: 0.2-a-29-gc1b59c4
     0 | D:1      | 0 ||| qw: Game counter: 4708
     0 | D:1      | 0 ||| qw: Always use a shield: true
     0 | D:1      | 0 ||| qw: God list: Okawaru
     0 | D:1      | 0 ||| qw: Allow faded altars: false
     0 | D:1      | 0 ||| qw: Do Orc after D:15 true
     0 | D:1      | 0 ||| qw: Do second Lair branch before Depths: true
     0 | D:1      | 0 ||| qw: Lair rune preference: random
     0 | D:1      | 0 ||| qw: Plans: Normal, Zot:1-4, Slime:5, God:TSO, Crypt,
                  | Tomb, Abyss, Pan, Hells, Win
     0 | D:1      | 0 ||| PLANNING D:1-11
    40 | D:1      | Reached skill level 2 in Axes
    95 | D:1      | Reached XP level 2. HP: 19/19 MP: 2/2
   323 | D:1      | Reached skill level 3 in Axes
   327 | D:1      | Reached XP level 3. HP: 20/23 MP: 3/3
   991 | D:1      | 991 ||| READING scroll labelled LOACUU GETRIAX.
   994 | D:1      | 994 ||| READING scroll labelled DOIGGA RIYSTRIUG.
   995 | D:1      | 995 ||| READING scroll labelled ZUSAIPTOTTA.
  1038 | D:2      | 1038 ||| Stepping ~*~*~tactically~*~*~ (hiding).
  1140 | D:2      | 1140 ||| Stepping ~*~*~tactically~*~*~ (stealth).
  1258 | D:2      | 1258 ||| Stepping ~*~*~tactically~*~*~ (stealth).
  1307 | D:2      | Noticed Jessica
  1309 | D:2      | 1309 ||| Stepping ~*~*~tactically~*~*~ (hiding).
  1310 | D:2      | 1310 ||| Stepping ~*~*~tactically~*~*~ (hiding).
  1316 | D:2      | Killed Jessica
  1317 | D:2      | Reached skill level 4 in Axes
  1317 | D:2      | Reached XP level 4. HP: 28/28 MP: 4/4
  1629 | D:2      | 1629 ||| DROPPING +0 mace.
  1848 | D:2      | 1848 ||| UPGRADING to ring of protection from cold.
  1849 | D:2      | 1849 ||| READING scroll labelled UPOSISE GIKYIH.
  1850 | D:2      | 1850 ||| READING 5 scrolls of identify.
  1850 | D:2      | 1850 ||| IDENTIFYING pink potion
  1885 | D:3      | 1885 ||| STAIRDANCE
  1892 | D:2      | Reached XP level 5. HP: 19/32 MP: 5/5
  2010 | D:3      | 2010 ||| Stepping ~*~*~tactically~*~*~ (stealth).
  2036 | D:3      | Reached skill level 5 in Axes
  2102 | D:3      | Noticed Sigmund
  2103 | D:3      | 2103 ||| Stepping ~*~*~tactically~*~*~ (hiding).
  2119 | D:3      | HP: 5/32 [Sigmund/+0 scythe (5)]
  2120 | D:3      | 2120 ||| READING 4 scrolls of teleportation.
  2121 | D:3      | Killed Sigmund
  2122 | D:3      | Reached XP level 6. HP: 8/40 MP: 6/6
  2145 | D:3      | 2145 ||| Stepping ~*~*~tactically~*~*~ (stealth).
  2151 | D:3      | 2151 ||| FLEEEEING.
  2152 | D:3      | 2152 ||| FLEEEEING.
  2158 | D:3      | 2158 ||| FLEEEEING.
  2161 | D:3      | 2161 ||| FLEEEEING.
  2163 | D:3      | Found a shimmering altar of Xom.
  2164 | D:3      | 2164 ||| FLEEEEING.
  2167 | D:3      | 2167 ||| FLEEEEING.
  2172 | D:3      | 2172 ||| FLEEEEING.
  2173 | D:3      | 2173 ||| FLEEEEING.
  2176 | D:3      | 2176 ||| FLEEEEING.
  2177 | D:3      | 2177 ||| FLEEEEING.
  2178 | D:3      | 2178 ||| FLEEEEING.
  2180 | D:3      | 2180 ||| FLEEEEING.
  2181 | D:3      | 2181 ||| FLEEEEING.
  2183 | D:3      | 2183 ||| FLEEEEING.
  2184 | D:3      | 2184 ||| Stepping ~*~*~tactically~*~*~ (stealth).
  2185 | D:3      | 2185 ||| Stepping ~*~*~tactically~*~*~ (stealth).
  2187 | D:3      | 2187 ||| FLEEEEING.
  2188 | D:3      | 2188 ||| FLEEEEING.
  2189 | D:3      | 2189 ||| FLEEEEING.
  2312 | D:3      | 2312 ||| Stepping ~*~*~tactically~*~*~ (hiding).
  2577 | D:3      | 2577 ||| Stepping ~*~*~tactically~*~*~ (stealth).
  2578 | D:3      | 2578 ||| Stepping ~*~*~tactically~*~*~ (stealth).
  2579 | D:3      | 2579 ||| Stepping ~*~*~tactically~*~*~ (stealth).
  2827 | D:3      | 2827 ||| Stepping ~*~*~tactically~*~*~ (stealth).
  2916 | D:3      | 2916 ||| UPGRADING to +0 plate armour.
  2926 | D:3      | 2926 ||| DROPPING +0 scale mail.
  2927 | D:3      | 2927 ||| DROPPING ring of wizardry.
  2928 | D:3      | 2928 ||| READING scroll labelled HIPONW GULO.
  2929 | D:3      | 2929 ||| READING scroll labelled ZETSEV FYGROA.
  2930 | D:3      | 2930 ||| READING scroll labelled LIRHYU NOCIPH.
  2931 | D:3      | 2931 ||| READING 6 scrolls of identify.
  2931 | D:3      | 2931 ||| IDENTIFYING red potion
  2932 | D:3      | 2932 ||| DROPPING potion of degeneration.
  3263 | D:4      | Reached XP level 7. HP: 42/44 MP: 7/7
  3567 | D:4      | 3567 ||| Stepping ~*~*~tactically~*~*~ (hiding).
  3568 | D:4      | 3568 ||| Stepping ~*~*~tactically~*~*~ (hiding).
  3569 | D:4      | 3569 ||| Stepping ~*~*~tactically~*~*~ (hiding).
  3570 | D:4      | 3570 ||| Stepping ~*~*~tactically~*~*~ (hiding).
  3571 | D:4      | 3571 ||| Stepping ~*~*~tactically~*~*~ (hiding).
  3572 | D:4      | 3572 ||| Stepping ~*~*~tactically~*~*~ (hiding).
  4096 | D:4      | 4096 ||| READING 6 scrolls of identify.
  4096 | D:4      | 4096 ||| IDENTIFYING silvery potion
  4097 | D:4      | 4097 ||| READING 5 scrolls of identify.
  4097 | D:4      | 4097 ||| IDENTIFYING fizzy black potion
  4098 | D:4      | 4098 ||| READING 4 scrolls of identify.
  4098 | D:4      | 4098 ||| IDENTIFYING metallic black potion
  4117 | D:5      | Entered Level 5 of the Dungeon
  4239 | D:5      | Reached skill level 6 in Axes
  4254 | D:5      | 4254 ||| Stepping ~*~*~tactically~*~*~ (stealth).
  4260 | D:5      | 4260 ||| Stepping ~*~*~tactically~*~*~ (hiding).
  4275 | D:5      | HP: 1/44 [orc priest/divine providence (14)]
  4276 | D:5      | 4276 ||| READING 3 scrolls of teleportation.
  4277 | D:5      | 4277 ||| DRINKING potion of heal wounds.
  4369 | D:5      | 4369 ||| Stepping ~*~*~tactically~*~*~ (stealth).
  4493 | D:5      | Found a white marble altar of Elyvilon.
  4553 | D:5      | Found a hide-covered altar of Uskayaw.
  4727 | D:5      | Reached skill level 7 in Axes
  4837 | D:5      | 4837 ||| Stepping ~*~*~tactically~*~*~ (hiding).
  4838 | D:5      | 4838 ||| Stepping ~*~*~tactically~*~*~ (hiding).
  4839 | D:5      | 4839 ||| Stepping ~*~*~tactically~*~*~ (hiding).
  4846 | D:5      | Reached skill level 1 in Dodging
  5013 | D:5      | 5013 ||| UPGRADING to +0 pair of gloves.
  5018 | D:5      | 5018 ||| UPGRADING to amulet of the acrobat.
  5023 | D:5      | 5023 ||| UPGRADING to +6 ring of dexterity.
  5024 | D:5      | 5024 ||| READING scroll labelled NUHUED YCAISE.
  5025 | D:5      | 5025 ||| READING scroll labelled OHAUNW MOSOUNI.
  5026 | D:5      | 5026 ||| DRINKING 2 amethyst potions.
  5027 | D:5      | 5027 ||| READING 5 scrolls of identify.
  5027 | D:5      | 5027 ||| IDENTIFYING sedimented inky potion
  5081 | D:6      | Reached XP level 8. HP: 30/50 MP: 8/8
  5622 | D:6      | Found a shadowy altar of Dithmenos.
  5852 | D:6      | Found a stormy altar of Qazlal.
  6204 | D:6      | 6204 ||| Stepping ~*~*~tactically~*~*~ (hiding).
  6213 | D:6      | Reached skill level 1 in Throwing
  6268 | D:6      | Found a shimmering blue altar of Sif Muna.
  6272 | D:6      | 6272 ||| READING scroll labelled UTOOZO DEREIPN.
  6273 | D:6      | 6273 ||| READING 5 scrolls of identify.
  6273 | D:6      | 6273 ||| IDENTIFYING purple potion
  6295 | D:7      | Found a staircase to the Ecumenical Temple.
  6296 | D:7      | 6296 ||| PLANNING TEMPLE
  6304 | Temple   | Entered the Ecumenical Temple
  6413 | Temple   | 6413 ||| PLANNING OKAWARU WORSHIP
  6500 | Temple   | Became a worshipper of Warmaster Okawaru
  6500 | Temple   | 6500 ||| PLANNING D:1-11
  6551 | D:7      | Noticed Pikel
  6552 | D:7      | 6552 ||| Stepping ~*~*~tactically~*~*~ (stealth).
  6554 | D:7      | Noticed Joseph
  6561 | D:7      | HP: 7/50 [Joseph/sling bullet (17)]
  6562 | D:7      | 6562 ||| READING 4 scrolls of teleportation.
  6563 | D:7      | 6563 ||| DRINKING 2 potions of heal wounds.
  6568 | D:7      | 6568 ||| FLEEEEING.
  6569 | D:7      | 6569 ||| FLEEEEING.
  6570 | D:7      | 6570 ||| FLEEEEING.
  6571 | D:7      | 6571 ||| FLEEEEING.
  6572 | D:7      | 6572 ||| STAIRDANCE
  6630 | D:7      | 6630 ||| STAIRDANCE
  6668 | D:7      | 6668 ||| STAIRDANCE
  6767 | D:7      | 6767 ||| Stepping ~*~*~tactically~*~*~ (hiding).
  6781 | D:7      | HP: 3/50 [Joseph/+0 quarterstaff (15)]
  6782 | D:7      | 6782 ||| READING 3 scrolls of teleportation.
  6782 | D:7      | Slain by Joseph

Levels and vault maps discovered:
D:1:      lightli_arrival_lavapool, layout_basic
D:2:      layout_rooms, kennysheep_jessica_study
D:3:      layout_loops_cross, xom_teletrap_fun, minmay_vboxes, uniq_sigmund
D:4:      layout_basic
D:5:      layout_basic, eat_drink_and_be_merry_uskayaw, elyvilon_altar_3
D:6:      mumra_celtic_spiral_tile, layout_basic,
          nicolae_qazlal_general_emergency, led_sif_pool,
          mainiacjoe_overflow_small_starburst, grunt_decor_resistance
D:7:      layout_basic, minmay_temple_entry_waves, enter_bailey_5,
          gammafunk_ghost_gnarly_gnolls, feat_on_display, uniq_maggie,
          uniq_pikel, uniq_joseph, uniq_prince_ribbit1
Temple:   eino_temple_scatter_basement

Skill      XL: |  1  2  3  4  5  6  7  8 |
---------------+-------------------------+-----
Axes           | 2 3 4 5 7 |  7.4
Fighting       | 5 |  5.4
Dodging        | 1 |  1.1
Armour         | 4 |  4.2
Throwing       | 1 |  1.5
Shields        | |  3.2

Action                     |  1- 3 |  4- 6 |  7- 9 || total
---------------------------+-------+-------+-------++-------
  Melee: War axe           |    97 |   144 |   154 ||   395
  Throw: Boomerang         |       |    25 |     4 ||    29
    Use: Scroll            |     3 |     7 |    11 ||    21
         Potion            |       |       |     3 ||     3
 Armour: Scale mail        |    47 |    56 |       ||   103
         Plate armour      |       |    18 |   114 ||   132
  Dodge: Dodged            |    40 |    39 |    54 ||   133
  Block: Buckler           |    11 |    18 |    31 ||    60

Table legend:
 A = Non-vault XP
 B = Vault XP
 C = Vault XP percentage of total XP
 D = Non-vault monster count
 E = Vault monster count
 F = Vault count percentage of total count
                 A         B        C        D         E       F
            +---------+---------+-------+---------+---------+-------
      Total |    1299 |     295 |  18.5 |     113 |      10 |   8.1
            +---------+---------+-------+---------+---------+-------
        D:1 |      62 |       0 |   0.0 |      34 |       0 |   0.0
        D:2 |      58 |      39 |  40.2 |      16 |       2 |  11.1
        D:3 |      95 |     256 |  72.9 |      20 |       8 |  28.6
        D:4 |     190 |       0 |   0.0 |      22 |       0 |   0.0
        D:5 |     454 |       0 |   0.0 |      15 |       0 |   0.0
        D:6 |     440 |       0 |   0.0 |       6 |       0 |   0.0
            +---------+---------+-------+---------+---------+-------
